 Dungeon Crawl Stone Soup version 0.20-a0-1109-ge3cd172 (webtiles) character file.

9 Wendigo the Caller (level 2, 0/19 HPs)
             Began as a Barachi Summoner on May 5, 2017.
             Slain by a hobgoblin
             ... wielding a +0 club
              (1 damage)
             ... on level 1 of the Dungeon.
             The game lasted 00:01:44 (875 turns).

Wendigo the Caller (Barachi Summoner)                Turns: 875, Time: 00:01:44

Health: 0/19       AC:  2    Str:  9    XL:     2   Next: 16%
Magic:  4/5        EV: 12    Int: 15    God:
Gold:   82         SH:  0    Dex: 12    Spells: 5/6 levels left

rFire    . . .     SeeInvis .   i - +0 spear
rCold    . . .     Gourm    .   (no shield)
rNeg     . . .     Faith    .   a - +0 robe
rPois    .         Spirit   .   (no helmet)
rElec    .         Reflect  .   (no cloak)
rCorr    .         Harm     .   (no gloves)
MR       .....                  (no boots)
Stlth    ++........             (no amulet)
Regen    0.1/turn               (no ring)
MPRegen  0.1/turn               (no ring)

@: slow
A: +LOS, swims, slowness 1, strong legs 1
a: Hop


You were on level 1 of the Dungeon.
You were not hungry.

You visited 1 branch of the dungeon, and saw 2 of its levels.

You collected 82 gold pieces.

Inventory:

Hand Weapons
 i - a +0 spear (weapon)
Armour
 a - a +0 robe (worn)
Jewellery
 m - an uncursed ring of protection from cold {unknown}
Scrolls
 d - a scroll of identify {unknown}
 e - a scroll of noise {unknown}
 h - a scroll of random uselessness {unknown}
 j - 2 scrolls of teleportation {unknown}
 l - a scroll of enchant weapon {unknown}
Potions
 f - 2 potions of heal wounds {unknown}
Books
 b - a book of Callings

   Spells                             Type                      Level
   a - Summon Small Mammal            Summoning                    1
   b - Call Imp                       Summoning                    2
   c - Call Canine Familiar           Summoning                    3
   d - Summon Guardian Golem          Hexes/Summoning              3
   e - Summon Lightning Spire         Summoning/Air                4
   f - Summon Ice Beast               Ice/Summoning                4
Comestibles
 c - a bread ration
 g - 3 meat rations
 k - a chunk of flesh


   Skills:
 + Level 0.0 Polearms
 - Level 2.1 Dodging
 - Level 1.7 Stealth
 + Level 2.5 Spellcasting
 * Level 5.1 Summonings


You had 5 spell levels left.
You knew the following spells:

 Your Spells              Type           Power        Failure   Level  Hunger
a - Summon Small Mammal   Summ           ###.         2%          1    #......


Dungeon Overview and Level Annotations

Branches:
Dungeon (2/15)

Altars:

Annotations:
D:1 exclusion: downstairs
D:2 Sigmund


Innate Abilities, Weirdness & Mutations

Shadows flee at your approach. (+LOS)
You can swim through water.
You cover ground slowly.
You can hop short distances.


Message History

You hit the hobgoblin but do no damage.
The hobgoblin is moderately wounded.
The hobgoblin hits you with a club!
Casting: Summon Small Mammal
Confirm with . or Enter, or press ? or * to list all spells.
The hobgoblin completely misses you. The hobgoblin hits you with a club.
Your rat bites the hobgoblin but does no damage.
The hobgoblin barely misses you. The dart slug bites your rat.
Your rat bites the dart slug.
You climb upwards.
Your summoned ally is left behind.
Level annotation: exclusion: downstairs
There is a stone staircase leading down here.
The hobgoblin barely misses you.
Casting: Summon Small Mammal
Confirm with . or Enter, or press ? or * to list all spells.
The hobgoblin hits you with a club.
* * * LOW HITPOINT WARNING * * *
Your bat barely misses the hobgoblin.
The hobgoblin hits you with a club.
You die...

##..#########....##.#.#
##)## #.##......#
###..# #.##....###
..##.#### #.##....#
..#.....#####(##....#
..#.#.#.#...#.##....#
..'.#...#.#.#+##...b#
..###..##.#....##g###
..+.#.....#.....@.#
..##.....##....####
..........#....#
.###......#....#
...#...........#
.######...#....# .####
##.##.#'## ....#
#^...#.# ###.##
#..###.#


You could see a hobgoblin and a friendly bat.

Vanquished Creatures
  3 giant cockroaches (D:1)
  A kobold (D:1)
  A rat (D:1)
5 creatures vanquished.

Vanquished Creatures (collateral kills)
  A giant cockroach (D:1)
  A hobgoblin (D:1)
  A kobold (D:1)
  A goblin (D:1)
  A rat (D:1)
5 creatures vanquished.

Grand Total: 10 creatures vanquished

Notes
Turn   | Place    | Note
-------+----------+-------------------------------------------
     0 | D:1      | Wendigo the Barachi Summoner began the quest for the Orb.
     0 | D:1      | Reached XP level 1. HP: 13/13 MP: 3/3
   123 | D:1      | Reached skill level 5 in Summonings
   474 | D:1      | Reached XP level 2. HP: 19/19 MP: 3/5
   816 | D:2      | Noticed Sigmund
   875 | D:1      | Slain by a hobgoblin

Vault maps used:
D:1:      sevenhm_arrival_forest_fort_small_4, minmay_misc_feat_four_crosses
D:2:      kennysheep_the_goblin_king, uniq_sigmund, uniq_terence

Skill      XL: |  1 |
---------------+----+-----
Summonings     | 5 |  5.1
Dodging        | |  2.1
Stealth        | |  1.7
Spellcasting   | |  2.5

Action                   || total
-------------------------++-------
Melee: Spear             ||    29
       Unarmed           ||    10
 Cast: Summon Small Mamm ||     8
  Use: Scroll            ||     1
 Stab: Sleeping          ||     2
Armor: Robe              ||     8
Dodge: Dodged            ||    27
